 Dungeon Sprint DCSS version 0.21.1-72-gffa868e0fe (webtiles) character file.

361 Osmon the Basher (level 6, 0/67 HPs)
             Began as a Minotaur Berserker on Aug 4, 2018.
             Was a Believer of Trog.
             Slain by a merfolk siren
             ... wielding a +0 trident
              (4 damage)
             ... in the Dungeon (Sprint II: "The Violet Keep of Menkaure").
             The game lasted 00:01:25 (239 turns).

Osmon the Basher (Minotaur Berserker)                Turns: 239, Time: 00:01:26

Health: 0/67       AC:  2    Str: 23    XL:     6   Next: 38%
Magic:  5/5        EV: 13    Int:  4    God:    Trog [**....]
Gold:   486        SH:  0    Dex: 10    Spells: 5/5 levels left

rFire    . . .     SeeInvis .   a - +0 mace
rCold    . . .     Gourm    .   (no shield)
rNeg     . . .     Faith    .   b - +0 animal skin
rPois    .         Spirit   .   (helmet restricted)
rElec    .         Reflect  .   (no cloak)
rCorr    .         Harm     .   (no gloves)
MR       .....     NoTele   +   (no boots)
Stlth    +.........             (no amulet)
HPRegen  0.21/turn              (no ring)
MPRegen  0.09/turn              (no ring)

@: berserk cooldown, mesmerised
A: retaliatory headbutt, horns 2
a: Berserk, Trog's Hand, Burn Spellbooks, Renounce Religion


You were in the Dungeon.
You worshipped Trog.
Trog was pleased with you.
You were not hungry.

You visited 1 branch You collected 486 gold pieces.

Inventory:

Hand Weapons
 a - a +0 mace (weapon)
Armour
 b - a +0 animal skin (worn)
Scrolls
 i - a scroll of blinking
Potions
 d - a potion of curing
 f - a potion of haste
 g - 2 potions of magic
 h - a potion of berserk rage
Comestibles
 c - a ration


   Skills:
 + Level 10.8 Fighting
 + Level 11.1 Maces & Flails
 + Level 5.7 Armour
 + Level 4.7 Dodging


You had 5 spell levels left.
You didn't know any spells.

Dungeon Overview and Level Annotations

Branches:
Dungeon (1/1)

Altars:


Innate Abilities, Weirdness & Mutations

You reflexively headbutt those who attack you in melee.
You have a pair of horns on your head.


Message History

The merfolk siren is severely wounded.
You hit the merfolk siren but do no damage.
The merfolk siren is severely wounded.
The merfolk siren hits you with a trident!!
* * * LOW HITPOINT WARNING * * *
You closely miss the merfolk siren.
The merfolk siren is severely wounded.
The merfolk siren chants its luring song.
You hit the merfolk siren. Your headbutt misses the merfolk siren.
The merfolk siren is almost dead.
The merfolk siren chants its luring song.
You hit the merfolk siren but do no damage.
Your headbutt misses the merfolk siren.
The merfolk siren is almost dead.
The merfolk siren chants its luring song.
You barely miss the merfolk siren.
You headbutt the merfolk siren, but do no damage.
The merfolk siren is almost dead.
The merfolk siren hits you with a trident.
You die...

+## ## #.##
#.###.#
#.#.####
##'###.##
####.##.m.#
+##.'.<.'@#
#...##.##...#
##.###+###.##
### ##


You could see a merfolk siren.

Vanquished Creatures
  2 hippogriffs (D)
  2 worms (D)
4 creatures vanquished.

Vanquished Creatures (others)
  Menkaure (D)
1 creature vanquished.

Grand Total: 5 creatures vanquished

Notes
Turn   | Place    | Note
-------+----------+-------------------------------------------
     0 | D        | Osmon the Minotaur Berserker began the quest for the Orb.
     0 | D        | Reached XP level 1. HP: 19/19 MP: 0/0
     9 | D        | Reached skill level 4 in Maces & Flails
    33 | D        | Killed Menkaure
   194 | D        | Noticed a hippogriff
   194 | D        | Noticed a hippogriff
   201 | D        | Killed a hippogriff
   201 | D        | Reached ** piety under Trog
   201 | D        | Reached skill level 9 in Maces & Flails
   201 | D        | Reached XP level 2. HP: 20/37 MP: 1/1
   201 | D        | Reached XP level 3. HP: 23/42 MP: 2/2
   201 | D        | Reached XP level 4. HP: 27/50 MP: 3/3
   201 | D        | Reached XP level 5. HP: 31/57 MP: 4/4
   204 | D        | Killed a hippogriff
   204 | D        | Reached skill level 10 in Fighting
   204 | D        | Reached skill level 11 in Maces & Flails
   204 | D        | Reached skill level 5 in Armour
   204 | D        | Reached XP level 6. HP: 18/67 MP: 5/5
   218 | D        | Noticed a merfolk siren
   228 | D        | HP: 2/67 [merfolk siren/trident (17)]
   235 | D        | HP: 3/67 [merfolk siren/trident (21)]
   239 | D        | Slain by a merfolk siren

Skill      XL: |  1  2  3  4  5 |
---------------+----------------+-----
Fighting       | 9 10 | 10.8
Maces & Flails | 9 11 | 11.1
Armour         | 4 5 |  5.7
Dodging        | 3 4 |  4.7

Action                   |  1- 3 |  4- 6 || total
-------------------------+-------+-------++-------
Melee: Mace              |    11 |    21 ||    32
       Headbutt          |     3 |     2 ||     5
Invok: Berserk           |     2 |       ||     2
  Use: Potion            |       |     1 ||     1
Dodge: Dodged            |     4 |     5 ||     9
